 Dungeon Crawl Stone Soup version 0.26-a0-639-g72c4674329 (webtiles) character file.

Game seed: 2084436742337022757

4709 Lanoc the Destroyer (level 10, -15/50 HPs)
             Began as a Deep Elf Conjurer on Sept 27, 2020.
             Was a Priest of Dithmenos.
             Demolished by a five-headed hydra (17 damage)
             ... on level 8 of the Dungeon.
             The game lasted 00:14:26 (9453 turns).

Lanoc the Destroyer (Deep Elf Conjurer)             Turns: 9453, Time: 00:14:27

Health: -15/50     AC:  5    Str:  4    XL:     10   Next: 22%
Magic:  12/25      EV: 18    Int: 33    God:    Dithmenos [***...]
Gold:   531        SH:  0    Dex: 13    Spells: 12/15 levels left

rFire    . . .     SeeInvis .   o - +2 spear (chaos)
rCold    . . .     Faith    .   (no shield)
rNeg     . . .     Spirit   .   C - +1 robe of Polish {+Fly Int+3 Stlth-}
rPois    .         Reflect  .   v - +1 hat {Int+3}
rElec    .         Harm     .   B - +0 cloak
rCorr    .         Rampage  .   (no gloves)
MR       +....                  (no boots)
Stlth    +.........             (no amulet)
HPRegen  0.16/turn              x - ring of wizardry
MPRegen  0.19/turn              k - ring of magical power

@: wreathed by umbra
A: no striking features
a: Shadow Step, Renounce Religion, Evoke Flight


You were on level 8 of the Dungeon.
You worshipped Dithmenos.
Dithmenos was most pleased with you.
You visited 2 branches of the dungeon, and saw 9 of its levels.

You collected 531 gold pieces.

Inventory:

Hand Weapons
 o - a +2 spear of chaos (weapon)
Missiles
 G - 5 curare-tipped darts (quivered)
Armour
 c - a +0 buckler
 v - a +1 hat of intelligence (worn)
 B - a +0 cloak (worn)
 C - the +1 robe of Polish (worn) {+Fly Int+3 Stlth-}
   (You found it on level 6 of the Dungeon)

   It affects your intelligence (+3).
   It lets you fly.
   It makes you less stealthy.
Jewellery
 a - an uncursed ring of poison resistance
 j - an uncursed ring of protection from cold
 k - a ring of magical power (right hand)
 t - an uncursed ring of resist corrosion
 x - a ring of wizardry (left hand)
Wands
 A - a wand of polymorph (9)
 D - a wand of digging (7)
Scrolls
 b - 9 scrolls of remove curse
 e - a scroll of magic mapping {unknown}
 f - 3 scrolls of enchant weapon {unknown}
 g - 5 scrolls of amnesia {unknown}
 i - a scroll of enchant armour {unknown}
 l - 2 scrolls of blinking {unknown}
 q - 6 scrolls of identify {unknown}
 r - a scroll of random uselessness {unknown}
 u - a scroll of teleportation {unknown}
 y - a scroll of fog {unknown}
 E - a scroll of immolation {unknown}
 F - a scroll of silence {unknown}
Potions
 d - 3 potions of heal wounds {unknown}
 h - 4 potions of curing
 m - a potion of might {unknown}
 n - 4 potions of degeneration {unknown}
 p - 2 potions of resistance
 s - a potion of haste {unknown}
 w - 2 potions of ambrosia {unknown}
 z - 2 potions of mutation {unknown}


   Skills:
 + Level 10.5 Dodging
 - Level 2.4 Stealth
 - Level 3.0 Spellcasting
 * Level 13.5 Conjurations


You had 12 spell levels left.
You knew the following spells:

 Your Spells              Type           Power        Failure   Level
a - Magic Dart            Conj           ####         0%          1
b - Searing Ray           Conj           ######       1%          2

Your spell library contained the following spells:

 Spells                   Type           Power        Failure   Level
 Dazzling Flash           Conj/Hex       #####.       1%          3
 Fulminant Prism          Conj/Hex       #####.....   1%          4
 Iskenderun's Mystic Bla  Conj/Tloc      #####...     1%          4


Dungeon Overview and Level Annotations

Branches:
Dungeon (8/15)             Temple (1/1) D:4
   Lair: D:8-11

Altars:
Ashenzari
Cheibriados
Dithmenos
Elyvilon
Gozag
Kikubaaqudgha
Nemelex Xobeh
Okawaru
Qazlal
Ru
Xom
Zin
The Shining One


Message History

The searing ray misses the five-headed hydra. (Press . to maintain the ray.)
The five-headed hydra bites you but does no damage.
The five-headed hydra barely misses you.
The five-headed hydra bites you but does no damage.
The five-headed hydra misses you.
The five-headed hydra completely misses you.
The searing ray hits the five-headed hydra!
The five-headed hydra is heavily wounded.
The five-headed hydra bites you! x2
The five-headed hydra barely misses you.
The five-headed hydra bites you.
* * * LOW HITPOINT WARNING * * *
The five-headed hydra misses you.
The searing ray hits the five-headed hydra.
The five-headed hydra is severely wounded.
The five-headed hydra bites you!
* * * LOW HITPOINT WARNING * * *
The five-headed hydra misses you. The five-headed hydra bites you!
You die...

...$.# ###.#
#.####. .....# #.#
### ## ..<..#
###.# # ......
####...# # ...#..
#.....## # #### .
#.....#
###.....#########
#.......).......##
#@#############...
. #D# #### ... #.#
.....###.#
D..)...((#
....a....#
.._......#
.........#
.........#


You could see a five-headed hydra.

Vanquished Creatures
  A two-headed ogre (D:8)
  Psyche (D:8)
  Joseph (D:7)
  A kobold demonologist (D:8)
  Menkaure (D:4)
  2 orc warriors (D:8)
  An eye of draining (D:7)
  A sky beast (D:5)
  2 ice beasts (D:4)
  A necrophage (D:6)
  2 ogres
  2 phantoms
  A centaur (D:8)
  7 big kobolds (D:8)
  5 bullfrogs
  A scorpion (D:8)
  3 howler monkeys
  A crimson imp (D:6)
  Crazy Yiuf (D:6)
  An orc priest (D:3)
  A hound (D:8)
  A jelly (D:5)
  A centaur skeleton (D:4)
  A bullfrog skeleton (D:7)
  An iguana (D:3)
  5 orc wizards
  11 worker ants
  2 hound skeletons
  A worker ant zombie (D:5)
  4 gnolls
  14 adders
  3 shadow imps
  2 white imps
  An ufetubus (D:5)
  2 oozes
  An adder skeleton (D:4)
  4 worms
  2 dart slugs (D:3)
  5 leopard geckos
  16 orcs
  A ball python (D:5)
  7 bats
  8 giant cockroaches
  6 goblins
  6 hobgoblins
  A quokka (D:6)
  7 frilled lizards
  34 kobolds
  7 kobold skeletons (D:8)
  11 kobold zombies (D:8)
  2 leopard gecko skeletons
  10 rats
214 creatures vanquished.

Notes
Turn   | Place    | Note
-------+----------+-------------------------------------------
     0 | D:1      | Lanoc the Deep Elf Conjurer began the quest for the Orb.
     0 | D:1      | Reached XP level 1. HP: 10/10 MP: 6/6
   297 | D:1      | Reached XP level 2. HP: 15/15 MP: 5/8
   301 | D:1      | Learned a level 2 spell: Searing Ray
   686 | D:2      | Noticed a centaur
   687 | D:2      | Reached skill level 5 in Conjurations
   907 | D:2      | Reached XP level 3. HP: 19/19 MP: 0/9
  1191 | D:3      | Found a sacrificial altar of Ru.
  1258 | D:3      | Found a stormy altar of Qazlal.
  1258 | D:3      | Found a shadowy altar of Dithmenos.
  1259 | D:3      | Found a white marble altar of Elyvilon.
  1268 | D:3      | Became a worshipper of Dithmenos the Shadowed
  1588 | D:3      | Found a glowing silver altar of Zin.
  1592 | D:3      | Reached XP level 4. HP: 24/24 MP: 2/10
  1706 | D:3      | Reached skill level 6 in Conjurations
  1707 | D:3      | Reached XP level 5. HP: 12/28 MP: 3/11
  2512 | D:3      | Found a shimmering altar of Xom.
  2535 | D:3      | Reached * piety under Dithmenos
  2919 | D:4      | Found a staircase to the Ecumenical Temple.
  2949 | D:4      | Reached skill level 7 in Conjurations
  2949 | D:4      | Reached XP level 6. HP: 25/32 MP: 12/12
  3072 | D:4      | Reached skill level 5 in Dodging
  3398 | D:4      | Found a transporter.
  3407 | D:4      | Noticed Menkaure
  3558 | D:4      | Killed Menkaure
  3558 | D:4      | Reached skill level 8 in Conjurations
  3558 | D:4      | Reached XP level 7. HP: 19/36 MP: 13/13
  4037 | D:4      | Found a transporter.
  4056 | D:4      | Reached skill level 9 in Conjurations
  4465 | Temple   | Entered the Ecumenical Temple
  4486 | D:5      | Entered Level 5 of the Dungeon
  4577 | D:5      | Reached ** piety under Dithmenos
  4613 | D:5      | Found an iron altar of Okawaru.
  4665 | D:5      | Reached XP level 8. HP: 32/41 MP: 14/14
  5365 | D:6      | Reached skill level 10 in Conjurations
  5535 | D:6      | Found an opulent altar of Gozag.
  5931 | D:6      | Found a runed translucent door.
  5932 | D:6      | Noticed Crazy Yiuf
  5997 | D:6      | Found a sparkling altar of Nemelex Xobeh.
  6225 | D:6      | Killed Crazy Yiuf
  6293 | D:6      | Got a sheer robe
  6303 | D:6      | Identified the +1 robe of Polish {+Fly Int+3 Stlth-} (You
                  | found it on level 6 of the Dungeon)
  6414 | D:7      | Noticed Joseph
  6423 | D:7      | Killed Joseph
  6423 | D:7      | Reached skill level 11 in Conjurations
  6753 | D:7      | Reached XP level 9. HP: 45/45 MP: 15/15
  6885 | D:7      | Found a shattered altar of Ashenzari.
  7267 | D:7      | Got a smoking ring mail
  7277 | D:7      | Identified the +1 ring mail "Etoel" {*Slow rN++ Regen+
                  | Int+3} (You found it on level 7 of the Dungeon)
  7587 | D:8      | Noticed a five-headed hydra
  7675 | D:8      | Reached skill level 12 in Conjurations
  8198 | D:8      | Noticed a two-headed ogre
  8206 | D:8      | Killed a two-headed ogre
  8266 | D:8      | Reached skill level 10 in Dodging
  8283 | D:8      | Reached *** piety under Dithmenos
  8283 | D:8      | Reached skill level 13 in Conjurations
  8567 | D:8      | Reached XP level 10. HP: 50/50 MP: 4/16
  8807 | D:8      | Noticed a soul eater
  8811 | D:8      | Noticed a smoke demon
  9122 | D:8      | Found an ancient bone altar of Kikubaaqudgha.
  9169 | D:8      | Noticed Psyche
  9175 | D:8      | Killed Psyche
  9417 | D:8      | Found a snail-covered altar of Cheibriados.
  9453 | D:8      | HP: 2/50 [five-headed hydra (13)]
  9453 | D:8      | Demolished by a five-headed hydra

Illustrated notes

Levels and vault maps discovered:
D:1:      dpeg_arrival_circle_labyrinth_c, layout_rooms, minmay_bisected
D:2:      layout_basic, old_standard_altar, nicolae_overflow_hidden_temple
D:3:      minmay_thinvault, layout_loops_ring, lemuel_doored_altar,
          chequers_temple_overflow_statue_of_worship,
          nicolae_overflow_crystal_walls, tgw_xom
D:4:      gammafunk_cloud_chamber, layout_basic, temple_pool_b, uniq_menkaure
D:5:      layout_basic, overflow_temple_1_default
D:6:      layout_basic, old_standard_altar, basic_altar, minmay_misc_feat_doors,
          minmay_fire_ice_demons, uniq_crazy_yiuf_cottage
D:7:      layout_basic, marbit_many_paths, uniq_joseph
D:8:      wander_kiku_kobolds, layout_rooms, slow_altar_1, uniq_psyche
Temple:   eino_wide_crystal_templ

Skill      XL: |  1  2  3  4  5  6  7  8  9 |
---------------+----------------------------+-----
Dodging        | 3 4 5 6 8 10 | 10.5
Conjurations   | 5 6 7 8 9 11 13 | 13.5
Stealth        | |  2.4
Spellcasting   | |  3.0

Action                   |  1- 3 |  4- 6 |  7- 9 | 10-12 || total
-------------------------+-------+-------+-------+-------++-------
Melee: Unarmed           |     8 |       |       |       ||     8
       Spear             |       |    24 |    17 |    42 ||    83
 Cast: Magic Dart        |    74 |    39 |     8 |     1 ||   122
       Searing Ray       |     2 |    20 |    85 |    16 ||   123
  Use: Potion            |       |       |     1 |       ||     1
       Scroll            |       |       |     1 |       ||     1
 Stab: Confused          |       |     1 |       |     1 ||     2
       Sleeping          |       |       |     1 |       ||     1
Armor: Robe              |     4 |     8 |     9 |    10 ||    31
Dodge: Dodged            |    10 |    34 |    78 |    46 ||   168

Table legend: (Time is in decaauts)
 A = Elapsed time spent in this place.
 B = Non-inter-level travel time spent in this place.
 C = Inter-level travel time spent in this place.
 D = Time resting spent in this place.
 E = Time spent auto-exploring this place.
 F = Levels seen in this place.
 G = Mean time per level.
                   A        B        C        D        E       F      G
               +--------+--------+--------+--------+--------+-----+--------+
         Total |   9468 |   9174 |    294 |    730 |   7277 |   9 | 1052.0 |
       Dungeon |   9466 |   9172 |    294 |    730 |   7277 |   8 | 1183.2 |
        Temple |      1 |      1 |      0 |      0 |      0 |   1 |    1.0 |
               +--------+--------+--------+--------+--------+-----+--------+

Top non-repeatable levels by time:
     D:3: 1899 daAuts
     D:8: 1810 daAuts
     D:4: 1427 daAuts
     D:7: 1262 daAuts
     D:6: 1103 daAuts
     D:1: 820 daAuts
     D:5: 797 daAuts
     D:2: 345 daAuts
  Temple: 1 daAuts
